 Dungeon Crawl Stone Soup version 0.22-a0-512-g0943f25 (webtiles) character file.

73 Gildeon the Conjurer (level 4, -2/24 HPs)
             Began as a Deep Elf Conjurer on June 18, 2018.
             Slain by a gnoll (5 damage)
             ... on level 2 of the Dungeon.
             The game lasted 00:19:04 (2891 turns).

Gildeon the Conjurer (Deep Elf Conjurer)            Turns: 2891, Time: 00:19:04

Health: -2/24      AC:  3    Str:  5    XL:     4   Next: 8%
Magic:  7/11       EV: 14    Int: 21    God:
Gold:   81         SH:  0    Dex: 20    Spells: 0/10 levels left

rFire    . . .     SeeInvis .   l - +3 dagger (protect)
rCold    . . .     Gourm    .   (no shield)
rNeg     . . .     Faith    .   a - +1 robe
rPois    .         Spirit   .   (no helmet)
rElec    .         Reflect  .   (no cloak)
rCorr    .         Harm     .   (no gloves)
MR       .....                  (no boots)
Stlth    +++.......             (no amulet)
HPRegen  0.08/turn              i - +5 ring of dexterity
MPRegen  0.12/turn              (no ring)

@: no status effects
A: no striking features
a: no special abilities


You were on level 2 of the Dungeon.
You were hungry.

You visited 1 branch of the dungeon, and saw 3 of its levels.

You collected 81 gold pieces.

Inventory:

Hand Weapons
 l - a +3 dagger of protection (weapon)
Missiles
 d - 45 stones (quivered)
Armour
 a - a +1 robe (worn)
 b - a +1 ring mail of positive energy
Jewellery
 i - a +5 ring of dexterity (left hand)
 j - an uncursed ring of wizardry {unknown}
Scrolls
 g - a scroll of magic mapping
Potions
 h - 2 potions of curing {unknown}
 k - a potion of haste {unknown}
Comestibles
 c - 2 rations


   Skills:
 + Level 3.3 Dodging
 + Level 3.4 Stealth
 + Level 3.9 Spellcasting
 + Level 4.8 Conjurations
 + Level 1.1 Hexes


You couldn't memorise any spells.
You knew the following spells:

 Your Spells              Type           Power        Failure   Level  Hunger
a - Magic Dart            Conj           ###.         1%          1    None
b - Searing Ray           Conj           ###...       2%          2    #......
c - Dazzling Spray        Conj/Hex       ###...       11%         3    ###....
d - Iskenderun's Mystic   Conj           ###.....     17%         4    ####...

Your spell library contained the following spells:

 Spells                   Type           Power        Failure   Level  Hunger
 Fulminant Prism          Conj/Hex       ###.......   34%         4    ####...
 Force Lance              Conj/Tloc      ##......     41%         4    ####...


Dungeon Overview and Level Annotations

Branches:
Dungeon (3/15)

Altars:


Message History

The magic dart hits the gnoll.
The gnoll is severely wounded.
A gnoll comes into view. It is wielding a halberd.
Casting: Magic Dart (safe; 1% risk of failure)
Confirm with . or Enter, or press ? or * to list all spells.
Aiming: Magic Dart (safe; 1% risk of failure)
Press: ? - help, Shift-Dir - straight line, f/p - gnoll
Aim: a gnoll, wielding a flail (severely wounded)
The magic dart hits the gnoll.
The gnoll is almost dead.
The gnoll hits you with a flail!
Casting: Magic Dart (safe; 1% risk of failure)
Confirm with . or Enter, or press ? or * to list all spells.
You don't know that spell.
Unknown command.
The gnoll hits you with a flail!
Ouch! That really hurt!
* * * LOW HITPOINT WARNING * * *
The gnoll hits you.
You die...

.# #.# #.##.#.###.#
####. .# #.#
#.##.#..#.# #....
.######.###.##.#.#.##
#.###
............##.#.###
#.#
.###...........#g#
#.#
.###.##.########g#
#.# .##...#.# #.# #.#
......#.# #g# #.#
.##...<.# #@# #.#
.####.### #.# #.#
.############# #.#
#.# .##.8.8.8.8..#
#.# ##.#
.##..........# #)#
#..#
.##(.........###.##
#.##
.##.......))...)..#
#.#
###).........###..#
###.####
.##..........#
#..########.......


You could see 3 gnolls.

Vanquished Creatures
  An adder (D:2)
  2 worms (D:2)
  A dart slug (D:1)
  A giant cockroach (D:2)
  6 hobgoblins
  4 jackals (D:1)
  8 kobolds
  A ball python (D:1)
  4 bats
  3 frilled lizards (D:1)
  17 goblins
  5 rats
53 creatures vanquished.

Notes
Turn   | Place    | Note
-------+----------+-------------------------------------------
     0 | D:1      | Gildeon the Deep Elf Conjurer began the quest for the Orb.
     0 | D:1      | Reached XP level 1. HP: 10/10 MP: 6/6
   182 | D:1      | Reached XP level 2. HP: 15/15 MP: 0/8
   256 | D:1      | Learned a level 2 spell: Searing Ray
  1337 | D:2      | Reached XP level 3. HP: 19/19 MP: 8/10
  1342 | D:2      | Learned a level 3 spell: Dazzling Spray
  1865 | D:2      | Reached skill level 1 in Hexes
  2143 | D:2      | Reached XP level 4. HP: 24/24 MP: 2/11
  2151 | D:2      | Learned a level 4 spell: Iskenderun's Mystic Blast
  2354 | D:2      | You fall through a shaft!
  2468 | D:2      | You fall through a shaft!
  2891 | D:2      | Slain by a gnoll

Vault maps used:
D:1:      eino_arrival_druids_welcome, st_stairs_4, nrook_uturn
D:2:      kennysheep_the_goblin_king, first_ration

Skill      XL: |  1  2  3 |
---------------+----------+-----
Stealth        | 3 |  3.4
Dodging        | 3 |  3.3
Hexes          | 1 |  1.1
Spellcasting   | |  3.9
Conjurations   | |  4.8

Action                   |  1- 3 |  4- 6 || total
-------------------------+-------+-------++-------
Melee: Dagger            |    16 |     7 ||    23
 Cast: Magic Dart        |    81 |    17 ||    98
  Use: Scroll            |     4 |     1 ||     5
 Stab: Sleeping          |     6 |       ||     6
  Eat: Chunk             |     4 |     1 ||     5
Armor: Robe              |     7 |     3 ||    10
Dodge: Dodged            |    19 |    15 ||    34

Table legend:
 A = Spawn XP
 B = Non-spawn XP
 C = Spawn XP percentage of total XP
 D = Spawn monster count
 E = Non-spawn monster count
 F = Spawn count percentage of total count
 G = Total turns spent on level
                    A         B        C        D         E        F      G
               +---------+---------+-------+---------+---------+-------+---------
         Total |       0 |     105 |   0.0 |       0 |      53 |   0.0 |  2891
               +---------+---------+-------+---------+---------+-------+---------
           D:1 |       0 |      37 |   0.0 |       0 |      24 |   0.0 |  1291
           D:2 |       0 |      65 |   0.0 |       0 |      27 |   0.0 |  1483
           D:3 |       0 |       3 |   0.0 |       0 |       2 |   0.0 |   117
               +---------+---------+-------+---------+---------+-------+---------
